 Dungeon Crawl Stone Soup version 0.29-a0-723-gce39da1c22 (webtiles) character file.

Game seed: 11636335964396731730

5033 crusatyr the Magus (level 10, -4/76 HPs)
             Began as a Demonspawn Monk on June 28, 2022.
             Was an Elder of Nemelex Xobeh.
             Slain by a two-headed ogre
             ... wielding a +0 giant spiked club
              (8 damage)
             ... on level 9 of the Dungeon.
             The game lasted 00:25:15 (10487 turns).

crusatyr the Magus (Demonspawn Monk)               Turns: 10487, Time: 00:25:16

Health: -4/76      AC: 12    Str: 15    XL:     10   Next: 30%
Magic:  18/18      EV:  5    Int: 18    God:    Nemelex Xobeh [****..]
Gold:   459        SH:  0    Dex: 16    Spells: 9/9 levels left

rFire   . . .      SeeInvis .   x - +4 whip
rCold   + . .      Faith    .   (no shield)
rNeg    . . .      Spirit   .   u - +0 plate armour
rPois   .          Reflect  .   (helmet restricted)
rElec   .          Harm     .   (cloak unavailable)
rCorr   .          Rampage  .   (gloves unavailable)
Will    .....                   (no boots)
Stlth   ..........              (no amulet)
HPRegen 0.22/turn               j - ring of protection from cold
MPRegen 0.16/turn               n - +6 ring of intelligence

@: lethally poisoned (-4 -> -34)
A: antennae 1, weakness stinger 3, demonic touch 3
a: Renounce Religion, Draw Escape, Draw Destruction, Draw Summoning, Triple
Draw, Deal Four


You were on level 9 of the Dungeon.
You worshipped Nemelex Xobeh.
Nemelex Xobeh was greatly pleased with you.
You visited 1 branch of the dungeon, and saw 9 of its levels.

You collected 459 gold pieces.

Inventory:

Hand Weapons
 w - a +0 flail
 x - a +4 whip (weapon)
Missiles
 e - 40 stones (quivered)
Armour
 u - a +0 plate armour (worn)
Jewellery
 j - a ring of protection from cold (left hand)
 n - a +6 ring of intelligence (right hand)
 t - a ring of protection from cold
Wands
 E - a wand of charming (6)
Scrolls
 d - a scroll of teleportation {unknown}
 f - a scroll of fear {unknown}
 k - a scroll of immolation
 l - a scroll of silence {unknown}
 o - a scroll of identify
 q - a scroll of magic mapping
 r - a scroll of summoning {unknown}
 v - a scroll of poison
 y - a scroll of fog {unknown}
 C - a scroll of amnesia {unknown}
Potions
 a - 2 potions of brilliance
 b - 5 potions of curing
 g - 2 potions of haste
 h - 4 potions of magic {unknown}
 i - 3 potions of heal wounds
 m - a potion of flight {unknown}
 p - 2 potions of lignification {unknown}
 s - 2 potions of mutation {unknown}
 z - 2 potions of invisibility {unknown}
 A - 2 potions of cancellation {unknown}
 B - a potion of attraction {unknown}
 D - a potion of might {unknown}
 F - 2 potions of degeneration {unknown}


   Skills:
 + Level 5.9 Fighting
 + Level 10.1 Maces & Flails
 + Level 4.4 Armour
 - Level 2.6 Dodging
 - Level 1.7 Stealth
 + Level 10.7 Invocations


You had 9 spell levels left.
You didn't know any spells.
Your spell library contained the following spells:

 Spells                   Type           Power      Damage    Failure   Level
 Apportation              Tloc           0%         N/A       100%        1
 Magic Dart               Conj           0%         1d3       100%        1
 Searing Ray              Conj           0%         2d4       100%        2
 Static Discharge         Conj/Air       0%         N/A       100%        2
 Dazzling Flash           Conj/Hex       0%         N/A       100%        3
 Ozocubu's Armour         Ice            0%         N/A       100%        3
 Dispel Undead            Necr           0%         3d6       100%        4
 Fulminant Prism          Conj/Hex       0%         3d6       100%        4
 Iskenderun's Mystic Bla  Conj/Tloc      0%         2d3       100%        4
 Sticky Flame             Conj/Fire      0%         2d3       100%        4
 Alistair's Intoxication  Tmut/Pois      0%         N/A       100%        5
 Metabolic Englaciation   Hex/Ice        0%         N/A       100%        5
 Summon Forest            Summ/Tloc      0%         N/A       100%        5
 Summon Mana Viper        Hex/Summ       0%         N/A       100%        5
 Simulacrum               Ice/Necr       0%         N/A       100%        6
 Starburst                Conj/Fire      0%         6d3       100%        6
 Summon Cactus Giant      Summ           0%         N/A       100%        6


Dungeon Overview and Level Annotations

Branches:
Dungeon (9/15)             Temple (0/1) D:6             Orc (0/2) D:9
   Lair: D:8-11

Altars:
Hepliaklqana
Kikubaaqudgha
Nemelex Xobeh

Annotations:
D:2 exclusion: 2 downstairs
D:8 Maurice


Innate Abilities, Weirdness & Mutations

You have a pair of small antennae on your head.
You have a sharp stinger which inflicts weakening toxins.
Your touch may irresistibly damage your foes and sap their willpower.


Message History

You close the door.
The yak gores you!
As you read the scroll labelled ONNEOB VULADI, it crumbles to dust.
It is a scroll of identify.
i - 5 potions of heal wounds A two-headed ogre opens the door.
The yak barely misses you.
You feel much better. The yak gores you but does no damage.
Okay, then.
As you read the scroll labelled DIBOSE GUOFFYRO, it crumbles to dust.
You feel aware of your surroundings.
You sensed 9 altars.
It was a scroll of magic mapping.
The two-headed ogre hits you but does no damage.
The two-headed ogre hits you with a +0 giant spiked club!
The yak gores you.
The air fills with toxic fumes!
As you read the scroll labelled DISAXUAHYKK, it crumbles to dust.
It was a scroll of poison.
The yak gores you.
The two-headed ogre hits you with a +0 giant spiked club.
The two-headed ogre barely misses you.
Really walk into that cloud of poison gas?
You are engulfed in poison gas.
You are poisoned.
You feel very sick.
You feel better.
You are engulfed in poison gas.
You are poisoned.
You feel very sick. The yak gores you.
* * * LOW HITPOINT WARNING * * *
You feel better.
You are engulfed in poison gas.
You are lethally poisoned!
* * * LOW HITPOINT WARNING * * *
x2 You feel very sick.
You feel much better.
You are engulfed in poison gas.
You are more poisoned.
* * * LOW HITPOINT WARNING * * *
You feel extremely sick.
The two-headed ogre is engulfed in poison gas.
The two-headed ogre is poisoned.
The two-headed ogre hits you with a +0 giant spiked club!!
* * * LOW HITPOINT WARNING * * *
The two-headed ogre hits you with a +0 giant spiked club!
You die...
Your body glows slightly and disappears.

##################***************
.........§§§§§§..,,,,,,,,,,,,,,,,
.........§§§§§§#********,,,,,,,,,
.........§§§§§§#########,,*******
.........§§§§§§§§§§§§§§.,,*******
......Y..§§§§§§OY§§§§§§.,,,,,,,,,
#####..###§§§§.Y@§§§§§§.,********
###'###+###'#########,*
#..#...Y.§.#..# *,* **
###..#...§§§.#..#** *,* *,
##.'..+###+###+..+,* *,* *,
...#..#,+,,,+,*..#,*****,*******,
...#..#,*,,,*,*..#,,,,,,<,,,,*,,,
...+##+,*,_,*,+##+,,,*********,*,
####,,*,*,,,*,*,,**,,* *,,_


You could see a two-headed ogre (poisoned) and 2 yaks.

Vanquished Creatures
  Erica (D:8)
  Prince Ribbit (D:5)
  3 yaks
  2 steam dragons
  6 ice beasts
  A sky beast (D:7)
  A black bear (D:4)
  An orc warrior (D:7)
  2 wolves (D:8)
  2 centaurs
  2 kobold brigands
  2 bullfrogs
  3 necrophages
  3 scorpions
  3 hounds
  2 jellies
  An orc priest (D:7)
  4 orc wizards
  An iguana (D:6)
  4 adders (D:4)
  6 gnolls
  An ufetubus (D:5)
  5 worms (D:2)
  4 dart slugs
  19 orcs
  8 ball pythons
  6 endoplasms
  4 giant cockroaches
  7 goblins
  7 hobgoblins
  6 jackals
  A quokka (D:4)
  8 bats
  3 frilled lizards
  12 kobolds
  5 rats
147 creatures vanquished.

Vanquished Creatures (collateral kills)
  Grinder (D:3)
  3 yaks (D:7)
  Grum (D:8)
  A wolf (D:8)
  A bullfrog (D:6)
  4 wights (D:8)
  2 orc priests (D:7)
  2 orc wizards (D:7)
  2 orcs (D:7)
17 creatures vanquished.

Vanquished Creatures (others)
  4 fungi (D:7)
4 creatures vanquished.

Grand Total: 168 creatures vanquished

Notes
Turn   | Place    | Note
-------+----------+-------------------------------------------
     0 | D:1      | crusatyr the Demonspawn Monk began the quest for the Orb.
     0 | D:1      | Reached XP level 1. HP: 18/18 MP: 1/1
   448 | D:1      | Discovered your monstrous ancestry.
   448 | D:1      | Gained mutation: Your touch may inflict minor irresistible
                  | damage on your foes. [demonic ancestry]
   448 | D:1      | Reached XP level 2. HP: 20/24 MP: 2/2
   870 | D:1      | Gained mutation: You have a small tail. [demonic ancestry]
   870 | D:1      | Reached XP level 3. HP: 29/29 MP: 3/3
  1411 | D:2      | Found a faded altar of an unknown god.
  1488 | D:2      | Noticed Jessica
  2173 | D:2      | Gained mutation: Your touch may inflict irresistible damage
                  | on your foes. [demonic ancestry]
  2173 | D:2      | Reached XP level 4. HP: 32/35 MP: 4/4
  2271 | D:3      | Noticed a bullfrog
  2323 | D:3      | Noticed Grinder
  2323 | D:3      | Paralysed by Grinder for 5 turns
  2646 | D:3      | Found a sparkling altar of Nemelex Xobeh.
  2662 | D:3      | Became a worshipper of Nemelex Xobeh the Trickster
  2662 | D:3      | Reached * piety under Nemelex Xobeh
  2662 | D:3      | Received a gift from Nemelex Xobeh
  2662 | D:3      | Reached ** piety under Nemelex Xobeh
  3196 | D:2      | Found a faded altar of an unknown god.
  3209 | D:2      | Noticed Jessica
  3209 | D:2      | Jessica changed into Jessica the goblin
  3216 | D:2      | Killed Jessica the goblin
  3266 | D:3      | Killed Grinder
  3267 | D:3      | Reached XP level 5. HP: 41/41 MP: 5/5
  3267 | D:3      | Reached XP level 6. HP: 47/47 MP: 6/6
  4044 | D:4      | Gained mutation: You have a tail ending in a sharp stinger.
                  | [demonic ancestry]
  4044 | D:4      | Reached XP level 7. HP: 47/52 MP: 9/9
  4471 | D:4      | Received a gift from Nemelex Xobeh
  4488 | D:4      | Found a hazy altar of Hepliaklqana.
  4627 | D:5      | Entered Level 5 of the Dungeon
  4904 | D:5      | Reached skill level 5 in Invocations
  4925 | D:5      | Reached *** piety under Nemelex Xobeh
  5066 | D:5      | Found an ancient bone altar of Kikubaaqudgha.
  5089 | D:5      | Noticed Prince Ribbit
  5098 | D:5      | Killed Prince Ribbit
  5099 | D:5      | Gained mutation: You have a pair of small antennae on your
                  | head. [demonic ancestry]
  5099 | D:5      | Reached XP level 8. HP: 58/58 MP: 10/12
  5926 | D:6      | Received a gift from Nemelex Xobeh
  5930 | D:6      | Found a staircase to the Ecumenical Temple.
  7246 | D:7      | Reached skill level 1 in Armour
  7246 | D:7      | Gained mutation: Your touch may irresistibly damage your
                  | foes and sap their willpower. [demonic ancestry]
  7246 | D:7      | Reached XP level 9. HP: 64/64 MP: 15/15
  7268 | D:7      | Reached **** piety under Nemelex Xobeh
  7617 | D:7      | Received a gift from Nemelex Xobeh
  8933 | D:8      | Reached skill level 5 in Fighting
  8933 | D:8      | Reached skill level 10 in Invocations
  9011 | D:8      | Noticed Grum
  9016 | D:8      | Killed Grum
  9038 | D:8      | Noticed Erica
  9071 | D:8      | Killed Erica
  9072 | D:8      | Gained mutation: You have a sharp stinger which inflicts
                  | weakening toxins. [demonic ancestry]
  9072 | D:8      | Reached XP level 10. HP: 18/74 MP: 17/17
  9077 | D:8      | HP: 1/74 [killer bee[the player character] (7)]
  9384 | D:8      | Reached skill level 10 in Maces & Flails
 10115 | D:8      | Noticed Maurice
 10259 | D:8      | Noticed a two-headed ogre
 10453 | D:9      | Noticed a two-headed ogre
 10487 | D:9      | Slain by a two-headed ogre

Illustrated notes

Levels and vault maps discovered:
D:1:      psy_arrival_radial01, layout_loops_ring
D:2:      layout_basic, ebering_ecumenical_altar_box, uniq_jessica
D:3:      layout_loops_ring, mainiacjoe_overflow_tiny_flanked, uniq_grinder
D:4:      layout_basic, worldfamousw_hep_ancestral_shrine, st_stairs_7
D:5:      layout_gridville, kiku_gazebo_pond_becter, small_statue_intersection,
          uniq_prince_ribbit1
D:6:      layout_layer_cave, minmay_temple_entry_overgrown
D:7:      kennysheep_steamy, layout_loops_corners, minivault_22
D:8:      layout_gridville, uniq_erica, uniq_maurice, uniq_grum
D:9:      layout_long_grid, grunt_temple_overflow_open,
          nicolae_gozag_cash_rules_everything_around_me,
          mainiacjoe_overflow_24_doors, ebering_ghost_xom, corexii_checkpoint_a

Skill      XL: |  1  2  3  4  5  6  7  8  9 10 |
---------------+-------------------------------+-----
Maces & Flails | 3 4 6 7 9 10 | 10.1
Invocations    | 2 5 8 10 | 10.7
Armour         | 1 4 |  4.4
Fighting       | 5 |  5.9
Dodging        | |  2.6
Stealth        | |  1.7

Action                   |  1- 3 |  4- 6 |  7- 9 | 10-12 || total
-------------------------+-------+-------+-------+-------++-------
Melee: Mace              |    90 |    47 |     4 |       ||   141
       Touch             |    17 |    10 |    37 |     9 ||    73
       Punch             |     1 |       |     2 |     1 ||     4
       Tailslap          |     9 |     8 |    32 |     5 ||    54
       Whip              |       |       |   193 |    52 ||   245
       Flail             |       |       |    10 |       ||    10
Throw: Stone             |     5 |     4 |     4 |     1 ||    14
Invok: Draw Destruction  |       |     3 |    13 |       ||    16
       Draw Summoning    |       |     1 |     8 |     1 ||    10
       Draw Escape       |       |       |       |     2 ||     2
Evoke: Wand              |       |       |       |     1 ||     1
  Use: Potion            |       |       |       |     9 ||     9
       Scroll            |       |       |       |     4 ||     4
 Stab: Sleeping          |     7 |       |       |       ||     7
Armor: Robe              |     9 |       |       |       ||     9
       Ring mail         |    13 |    14 |    14 |       ||    41
       Scale mail        |       |       |    44 |       ||    44
       Plate armour      |       |       |    20 |    30 ||    50
Dodge: Dodged            |    49 |    20 |    61 |    16 ||   146

Table legend: (Time is in decaauts)
 A = Elapsed time spent in this place.
 B = Non-inter-level travel time spent in this place.
 C = Inter-level travel time spent in this place.
 D = Time resting spent in this place.
 E = Time spent auto-exploring this place.
 F = Levels seen in this place.
 G = Mean time per level.
                   A        B        C        D        E       F      G
               +--------+--------+--------+--------+--------+-----+--------+
         Total |  10417 |   9689 |    728 |   1555 |   6175 |   9 | 1157.4 |
       Dungeon |  10417 |   9689 |    728 |   1555 |   6175 |   9 | 1157.4 |
               +--------+--------+--------+--------+--------+-----+--------+

Top non-repeatable levels by time:
     D:7: 2073 daAuts
     D:2: 1862 daAuts
     D:8: 1533 daAuts
     D:6: 1334 daAuts
     D:1: 1220 daAuts
     D:4: 879 daAuts
     D:5: 741 daAuts
     D:3: 685 daAuts
     D:9: 86 daAuts
